 Dungeon Crawl Stone Soup version 0.27.1-1-g398f81649c (webtiles) character file.

Game seed: 3073364106561061738

79 funkygono the Firebug (level 4, 0/24 HPs)
             Began as a Gargoyle Fire Elementalist on Sept 21, 2021.
             Slain by a scorpion (5 damage)
             ... on level 3 of the Dungeon.
             The game lasted 00:06:09 (2764 turns).

funkygono the Firebug (Gargoyle Fire Elementalist)  Turns: 2764, Time: 00:06:10

Health: 0/24       AC:  6    Str: 11    XL:     4   Next: 37%
Magic:  1/7        EV: 12    Int: 17    God:
Gold:   86         SH:  0    Dex: 10    Spells: 0/8 levels left

rFire    . . .     SeeInvis .   e - +1 whip
rCold    . . .     Faith    .   (no shield)
rNeg     + . .     Spirit   .   a - +0 robe
rPois    ∞         Reflect  .   (no helmet)
rElec    +         Harm     .   (no cloak)
rCorr    .         Rampage  .   (no gloves)
Will     .....                  d - +0 pair of boots
Stlth    ++........             (no amulet)
HPRegen  0.08/turn              (no ring)
MPRegen  0.10/turn              (no ring)

@: no status effects
A: sickness immunity, AC +3, negative energy resistance 1, electricity
resistance, torment resistance 1, petrification resistance
a: no special abilities


You were on level 3 of the Dungeon.
You visited 1 branch of the dungeon, and saw 3 of its levels.

You collected 86 gold pieces.

Inventory:

Hand Weapons
 e - a +1 whip (weapon)
Missiles
 b - 90 stones
Armour
 a - a +0 robe (worn)
 d - a +0 pair of boots (worn)
Potions
 c - a potion of flight
 f - a potion of curing
 i - a potion of cancellation {unknown}
 j - a potion of haste {unknown}


   Skills:
 + Level 0.1 Fighting
 + Level 0.2 Maces & Flails
 + Level 2.0 Dodging
 - Level 2.1 Stealth
 * Level 2.6 Spellcasting
 * Level 2.2 Conjurations
 * Level 3.9 Fire Magic


You couldn't memorise any spells.
You knew the following spells:

 Your Spells              Type           Power      Damage    Failure   Level
a - Foxfire               Conj/Fire      48%        2x1d6     5%          1
b - Conjure Flame         Conj/Fire      12%        6-21      16%         3
c - Sticky Flame          Conj/Fire      12%        2d4       45%         4

Your spell library contained the following spells:

 Spells                   Type           Power      Damage    Failure   Level
 Inner Flame              Hex/Fire       8%         N/A       24%         3
 Dazzling Flash           Conj/Hex       10%        N/A       34%         3
 Fireball                 Conj/Fire      6%         3d5       82%         5
 Agony                    Necr           2%         N/A       99%         5
 Silence                  Hex/Air        1%         N/A       99%         5


Dungeon Overview and Level Annotations

Branches:
Dungeon (3/15)

Altars:
Dithmenos

Shops:
D:2 :*:


Innate Abilities, Weirdness & Mutations

You are immune to sickness and miasma.
Your stone body is resilient. (AC +3)
You are immune to poison.
You resist negative energy. (rN+)
You are resistant to electric shocks. (rElec)
You are resistant to unholy torment.
You are immune to petrification.


Message History

The foxfire hits the scorpion.
The scorpion is severely wounded.
The scorpion misses you.
You barely miss the scorpion.
The scorpion is severely wounded.
The foxfire hits the scorpion but does no damage.
The scorpion is severely wounded.
The foxfire hits the scorpion but does no damage.
The scorpion is severely wounded.
The scorpion closely misses you.
You hit the scorpion but do no damage.
The scorpion is severely wounded.
The scorpion closely misses you.
You hit the scorpion.
The scorpion is almost dead.
The scorpion stings you but does no damage.
The scorpion barely misses you.
You hit the scorpion but do no damage.
The scorpion is almost dead.
The scorpion barely misses you.
You hit the scorpion but do no damage.
The scorpion is almost dead.
The scorpion stings you.
Casting: Foxfire (safe; 5% risk of failure)
Confirm with . or Enter, or press ? or * to list all spells.
You conjure some foxfire!
The scorpion stings you.
You hit the scorpion but do no damage.
The scorpion is almost dead.
The foxfire hits the scorpion.
The scorpion is almost dead.
The foxfire hits the scorpion but does no damage.
The scorpion is almost dead.
The scorpion barely misses you. The scorpion stings you.
* * * LOW HITPOINT WARNING * * *
Casting: Foxfire (safe; 5% risk of failure)
Confirm with . or Enter, or press ? or * to list all spells.
You don't have enough magic to cast this spell.
Unknown command.
The scorpion stings you.
You die...

..........# .........##
......... .......####
........># ##### #.#.#)##..
#...##########.#....#.#
######...##<....@s....#..#.#
...†.'.........####.#....#.#
######...#####.## #.#..†.#.#
#...# #..# #.#......# #...#
##.# #.#.#.#### #####
###.###.#.#.# #....##.#.#.#
#....##.#.#.# #..†..#.#.#.#


You could see a scorpion.

Vanquished Creatures
  3 adders
  An adder skeleton (D:2)
  2 worms (D:2)
  A dart slug (D:1)
  A bat skeleton (D:2)
  5 endoplasms
  2 goblins (D:2)
  6 hobgoblins
  2 kobolds
  2 quokkas
  3 ball pythons
  2 ball python skeletons (D:2)
  A ball python zombie (D:2)
  3 frilled lizards
  2 giant cockroach zombies (D:2)
  A quokka zombie (D:2)
  5 rats
42 creatures vanquished.

Vanquished Creatures (collateral kills)
  2 foxfires (D:2)
2 creatures vanquished.

Vanquished Creatures (others)
  137 foxfires
137 creatures vanquished.

Grand Total: 181 creatures vanquished

Notes
Turn   | Place    | Note
-------+----------+-------------------------------------------
     0 | D:1      | funkygono the Gargoyle Fire Elementalist began the quest
                  | for the Orb.
     0 | D:1      | Reached XP level 1. HP: 10/10 MP: 3/3
   498 | D:1      | Reached XP level 2. HP: 15/15 MP: 0/5
   568 | D:1      | Found a faded altar of an unknown god.
  1134 | D:2      | Found Fojipnag's Book Emporium.
  1159 | D:2      | Reached XP level 3. HP: 11/19 MP: 1/6
  1692 | D:2      | Found Gaepnini's Book Boutique.
  1757 | D:2      | Found a shadowy altar of Dithmenos.
  1812 | D:2      | Reached XP level 4. HP: 24/24 MP: 3/7
  1852 | D:2      | Found Xegevv Wozi's Assorted Antiques.
  2408 | D:2      | Learned a level 3 spell: Conjure Flame
  2413 | D:2      | Learned a level 4 spell: Sticky Flame
  2435 | D:3      | Noticed a black bear
  2733 | D:3      | Noticed a scorpion
  2764 | D:3      | Slain by a scorpion

Illustrated notes

Levels and vault maps discovered:
D:1:      dpeg_arrival_rhombi, layout_basic, basic_ecumenical_altar,
          minmay_misc_feat_ornament, serial_bayou_lake_a
D:2:      minmay_spotlight, layout_loops_corners, serial_undead,
          serial_undead_a, serial_undead_e, serial_undead_d, serial_undead_d,
          serial_undead_b, serial_undead_c, serial_shops, nicolae_square_shop,
          nicolae_square_shop, shop, basic_altar, serial_park_tiny_pond
D:3:      layout_basic, mainiacjoe_overflow_boulevard,
          mainiacjoe_overflow_tiny_flanked, serial_shops,
          nicolae_shop_behind_doors, minmay_misc_feat_enclosed

Skill      XL: |  1  2  3  4 |
---------------+-------------+-----
Dodging        | 2 |  2.0
Conjurations   | 2 |  2.2
Fighting       | |  0.1
Maces & Flails | |  0.2
Stealth        | |  2.1
Spellcasting   | |  2.6
Fire Magic     | |  3.9

Action                   |  1- 3 |  4- 6 || total
-------------------------+-------+-------++-------
Melee: Unarmed           |     2 |       ||     2
       Whip              |    11 |     6 ||    17
 Cast: Foxfire           |    60 |    25 ||    85
  Use: Scroll            |     6 |     3 ||     9
Armor: Robe              |    11 |     1 ||    12
Dodge: Dodged            |    22 |    12 ||    34
